Map: Efflorescence LE

Players

qqq - Winner!

  • Race: Protoss Protoss
  • Spawn Location: 12:00

Massa - Winner!

  • Race: Terran Terran
  • League: Platinum
  • Spawn Location: 3:00

HeK

  • Race: Zerg Zerg
  • League: Diamond
  • Spawn Location: 6:00

bloodlestat

  • Race: Zerg Zerg
  • League: Platinum
  • Spawn Location: 9:00

VOD

Have the link to the VOD?

Description

Time

  • Played on: Nov. 6, 2020, 12:11 p.m.
  • Length: 17:14
Show
View Real Time Build Order
Export as new Build Order

qqq Protoss - Winner!

Build Orders: 1 Gate Expand, Carriers 

Get SALT Encoding   

  12  0:00  Probe  
  13  0:13  Probe  
  14  0:22  Pylon  
  14  0:25  Probe  
  15  0:40  Probe  
  16  0:43  Gateway  
  16  0:52  Probe  
  16  0:56  Gateway  
  17  1:24  Nexus  
  17  1:27  Probe  
  17  1:32  Zealot  
  20  1:43  Zealot  
  22  1:51  Probe  
  23  1:58  Gateway  
  23  2:05  Pylon  
  23  2:12  Pylon  
  23  2:23  Probe, Zealot (Chrono Boost)  
  23  2:25  Assimilator  
  26  2:35  Probe  
  29  2:42  Zealot (Chrono Boost)  
  29  2:46  Zealot (Chrono Boost)  
  29  2:47  Probe  
  29  2:50  Zealot (Chrono Boost)  
  34  2:55  Pylon  
  34  2:59  Probe x2  
  36  3:06  Zealot  
  36  3:12  Zealot  
  40  3:16  Probe  
  40  3:18  Probe  
  42  3:29  Cybernetics Core  
  42  3:32  Zealot  
  42  3:34  Probe  
  45  3:38  Assimilator  
  45  3:40  Probe  
  46  3:46  Probe  
  47  3:52  Probe  
  47  3:55  Zealot  
  47  3:58  Probe  
  47  4:00  Zealot  
  52  4:04  Probe  
  53  4:10  Probe  
  53  4:13  Twilight Council  
  53  4:16  Probe  
  55  4:36  Zealot x3  
  61  5:10  Zealot x2  
  61  5:11  Zealot (Chrono Boost)  
  53  5:21  Charge  
  47  5:23  Probe x2  
  47  5:28  Assimilator  
  47  5:32  Assimilator  
  47  5:35  Probe x2, Zealot x2 (Chrono Boost)  
  47  5:36  Zealot (Chrono Boost)  
  55  5:47  Probe  
  55  5:48  Probe  
  57  5:54  Zealot x2  
  57  5:55  Stargate  
  61  5:57  Stargate  
  61  6:00  Probe, Pylon  
  61  6:01  Pylon  
  61  6:02  Pylon  
  61  6:03  Pylon  
  62  6:18  Probe, Zealot  
  62  6:21  Zealot x2  
  69  6:31  Probe  
  70  6:43  Probe  
  70  6:46  Zealot  
  73  6:48  Zealot x2  
  73  6:49  Void Ray  
  73  6:52  Phoenix  
  79  6:55  Probe  
  84  7:11  Void Ray  
  64  7:24  Zealot x2  
  64  7:25  Zealot  
  64  7:26  Void Ray  
  70  7:48  Void Ray  
  64  7:51  Zealot  
  64  7:52  Zealot x2  
  74  8:03  Void Ray  
  82  8:25  Void Ray  
  76  8:54  Pylon  
  73  8:56  Pylon  
  73  8:57  Pylon  
  73  8:59  Pylon  
  73  9:02  Pylon  
  72  9:06  Void Ray  
  72  9:08  Void Ray  
  72  9:12  Probe  
  72  9:15  Zealot x2  
  81  9:18  Pylon  
  81  9:19  Pylon  
  81  9:21  Fleet Beacon  
  81  9:24  Probe  
  81  9:25  Cybernetics Core  
  82  9:36  Probe  
  83  9:42  Zealot  
  85  9:46  Void Ray x2  
  85  9:47  Forge  
  85  9:48  Probe  
  94  10:00  Probe  
  89  10:29  Phoenix  
  87  10:44  Pylon, Nexus  
  87  10:48  Pylon  
  87  10:49  Carrier  
  93  10:52  Pylon  
  93  10:56  Pylon  
  93  11:00  Pylon  
  93  11:03  Carrier  
  99  11:23  Photon Cannon  
  89  11:38  Flux Vanes  
  87  11:50  Photon Cannon  
  87  11:51  Shield Battery  
  87  11:53  Photon Cannon  
  87  11:54  Pylon, Protoss Air Weapons Level 1  
  87  11:55  Probe  
  88  12:08  Probe  
  81  12:20  Probe  
  84  12:23  Carrier x2  
  90  12:32  Probe  
  92  12:44  Probe  
  92  12:56  Probe  
  93  13:08  Probe  
  94  13:18  Stargate x2  
  94  13:20  Probe, Stargate  
  97  13:27  Carrier  
  97  13:28  Carrier  
  97  13:32  Probe  
  104  13:44  Probe  
  105  13:56  Probe  
  105  14:02  Protoss Air Armor Level 1  
  106  14:08  Probe  
  103  14:20  Carrier  
  109  14:31  Carrier  
  109  14:32  Tempest  
  114  14:52  Void Ray  
  114  14:53  Void Ray  
  122  15:03  Nexus  
  122  15:05  Pylon  
  122  15:15  Carrier  
  122  15:18  Pylon  
  122  15:20  Pylon  
  124  15:23  Pylon  
  124  15:24  Carrier  
  126  15:29  Void Ray  
  130  15:46  Void Ray  
  136  15:50  Carrier  
  140  15:57  Assimilator  
  140  15:58  Probe  
  140  16:01  Assimilator  
  141  16:10  Probe  
  142  16:22  Probe  
  143  16:29  Void Ray x2  
  143  16:34  Probe  
  143  16:37  Probe  
  153  16:41  Photon Cannon  
  153  16:46  Probe  
  154  16:49  Probe  
  155  17:02  Probe  
Show
View Real Time Build Order
Export as new Build Order

Massa Terran - Winner!

Build Orders:  

Get SALT Encoding   

  12  0:00  SCV  
  13  0:12  SCV  
  14  0:18  Supply Depot  
  14  0:25  SCV  
  15  0:39  SCV  
  16  0:45  Barracks  
  16  0:51  SCV  
  17  1:04  SCV  
  18  1:07  Refinery  
  18  1:16  SCV  
  19  1:27  Command Center  
  19  1:31  SCV  
  20  1:36  Marine  
  21  1:42  Supply Depot  
  21  1:45  SCV  
  22  1:59  Reaper  
  23  2:04  Barracks  
  23  2:10  Supply Depot  
  23  2:15  Orbital Command  
  23  2:32  Barracks Tech Lab  
  23  2:42  SCV  
  23  2:44  Barracks  
  25  2:46  Orbital Command  
  24  2:52  Marine x2  
  24  2:58  Stimpack  
  26  3:00  SCV  
  27  3:10  Marine  
  28  3:25  Marine  
  29  3:27  Marine  
  29  3:30  SCV x2  
  32  3:35  Engineering Bay  
  32  3:38  Marine  
  32  3:39  Factory  
  33  3:42  SCV  
  33  3:43  Marauder  
  33  3:45  SCV, Marine  
  37  3:54  SCV  
  38  3:59  Marine  
  39  4:03  Marine  
  39  4:05  Marauder  
  39  4:07  SCV x2  
  44  4:12  Missile Turret  
  44  4:17  Marine, Missile Turret  
  44  4:19  SCV  
  44  4:20  SCV  
  44  4:22  Missile Turret  
  47  4:25  Hellion  
  47  4:29  Marauder, Marine  
  52  4:31  SCV  
  52  4:32  SCV  
  54  4:41  Supply Depot  
  54  4:43  Supply Depot  
  54  5:02  Marine x2  
  54  5:03  Hellion, Marauder  
  46  5:20  Marine  
  45  5:21  Combat Shield  
  45  5:24  Marauder  
  46  5:32  Refinery  
  44  5:36  Barracks Reactor  
  44  5:38  Marine  
  44  5:40  Refinery  
  44  5:41  Refinery  
  44  5:45  Barracks  
  44  5:46  Marauder  
  47  6:03  Command Center  
  47  6:07  SCV x2, Marauder  
  47  6:10  Factory Tech Lab  
  51  6:14  Barracks Reactor, Marine x2  
  52  6:19  SCV x2  
  54  6:28  Marauder  
  54  6:31  SCV  
  54  6:32  Marine x2  
  59  6:35  Marine  
  60  6:50  Marauder, Marine x2  
  60  6:53  Marine  
  65  6:58  Siege Tank  
  68  7:11  Marauder  
  70  7:16  Starport  
  70  7:19  Supply Depot  
  70  7:23  SCV x2  
  72  7:30  Widow Mine  
  72  7:32  Marauder  
  72  7:35  SCV x2  
  78  7:43  Supply Depot  
  78  7:47  SCV x2  
  60  7:52  Widow Mine  
  60  7:54  Marauder, Marine x3  
  60  7:55  Marine x2  
  60  7:57  Planetary Fortress  
  61  8:04  Starport Tech Lab  
  61  8:07  Supply Depot  
  61  8:11  Concussive Shells  
  61  8:12  Marine x4  
  60  8:14  Marine  
  60  8:15  Marauder  
  61  8:30  Marine x4  
  61  8:32  Marine  
  61  8:33  Barracks  
  55  8:35  Barracks  
  55  8:37  Barracks, Marauder  
  54  8:43  Siege Tank  
  54  8:48  Marine x4  
  49  8:49  Marine  
  49  8:53  SCV  
  45  8:55  SCV  
  45  8:58  Marauder  
  48  9:04  Banshee  
  48  9:05  SCV  
  48  9:08  SCV  
  50  9:15  Siege Tank  
  48  9:17  SCV  
  48  9:19  Marauder  
  48  9:20  SCV  
  52  9:29  SCV  
  53  9:31  Barracks Reactor x2  
  53  9:32  SCV  
  54  9:41  SCV, Marauder  
  54  9:43  SCV  
  54  9:44  SCV  
  59  9:47  Banshee, Cloaking Field  
  62  9:56  SCV  
  63  10:00  Starport  
  63  10:02  Marauder  
  63  10:04  SCV  
  63  10:06  SCV  
  67  10:08  SCV  
  68  10:16  SCV  
  68  10:18  SCV  
  68  10:20  SCV  
  71  10:28  SCV  
  71  10:29  Marauder, Marine  
  71  10:32  SCV  
  71  10:35  Marine x4  
  76  10:41  SCV  
  81  10:50  SCV x2, Marauder  
  81  10:51  Sensor Tower  
  81  10:53  SCV  
  81  10:56  Supply Depot  
  86  11:02  Refinery, SCV x2  
  88  11:05  SCV, Starport Reactor  
  88  11:06  Medivac  
  88  11:09  Terran Infantry Weapons Level 1  
  91  11:12  Marauder  
  91  11:16  Supply Depot  
  91  11:18  Siege Tank  
  96  11:19  Supply Depot  
  96  11:22  Supply Depot  
  96  11:33  Marauder  
  96  11:36  Medivac  
  100  11:40  Supply Depot  
  100  11:41  Supply Depot  
  100  11:47  Supply Depot  
  100  11:50  Siege Tank  
  103  11:55  Marauder  
  103  11:56  Marine x7  
  103  11:57  Marine x3  
  112  12:03  Supply Depot  
  112  12:14  Marine x4  
  116  12:16  Marauder  
  116  12:22  Medivac x3  
  124  12:27  Supply Depot  
  124  12:28  Command Center  
  124  12:33  Barracks Tech Lab  
  124  12:37  Marauder  
  124  12:41  Barracks Tech Lab  
  126  12:45  Marine x3  
  126  12:46  Marine x5  
  134  12:51  Engineering Bay  
  134  12:52  Medivac x3  
  134  12:55  Armory  
  140  12:59  Marauder  
  140  13:03  Marine x2  
  137  13:20  Marauder  
  111  13:57  Marauder  
  111  13:58  Marauder x2, Marine x8  
  108  14:13  Siege Tank  
  108  14:15  Marine  
  108  14:16  Marine x7  
  104  14:19  Marauder x3  
  109  14:33  Marine x5  
  109  14:34  SCV x3, Marine x3  
  120  14:40  Marauder x3  
  126  14:46  SCV x3  
  126  14:51  Marine x2  
  126  14:52  Terran Infantry Weapons Level 2  
  131  14:53  Terran Infantry Armor Level 1  
  131  14:55  Terran Vehicle And Ship Armor Level 1  
  131  14:58  SCV  
  132  15:01  Marauder  
  132  15:02  SCV x2, Marauder x2  
  134  15:10  SCV  
  135  15:14  SCV x2  
  134  15:22  SCV  
  134  15:23  Marauder x3  
  134  15:24  Medivac x3  
  143  15:44  Marauder  
  145  15:54  Medivac x2  
  141  16:47  Marauder x3, Marine  
  141  16:48  Marine x7  
  141  16:51  SCV  
  141  16:52  SCV x2  
  143  17:05  Command Center  
Show
View Real Time Build Order
Export as new Build Order

HeK Zerg 

Build Orders: Hatch First, Zergling Baneling 

Get SALT Encoding   

  12  0:01  Drone  
  13  0:13  Overlord  
  13  0:18  Drone  
  14  0:31  Drone x2  
  16  0:52  Hatchery  
  16  0:55  Drone  
  16  0:57  Drone  
  16  1:01  Drone  
  18  1:11  Extractor  
  18  1:17  Spawning Pool  
  16  1:19  Drone  
  16  1:23  Drone  
  18  1:32  Drone  
  19  1:42  Drone  
  20  1:50  Drone  
  21  2:01  Overlord  
  21  2:07  Queen  
  23  2:09  Queen  
  23  2:11  Metabolic Boost  
  25  2:21  Zergling x2  
  25  2:22  Zergling x2  
  27  2:23  Drone  
  27  2:24  Drone  
  27  2:26  Drone  
  30  2:48  Overlord  
  30  2:54  Queen  
  30  2:56  Overlord  
  32  2:59  Zergling x6  
  32  3:00  Zergling x2  
  36  3:20  Extractor  
  36  3:23  Zergling x2  
  36  3:24  Zergling x10  
  42  3:30  Hatchery  
  41  4:01  Baneling Nest  
  40  4:05  Drone  
  40  4:06  Drone x8  
  49  4:23  Drone  
  50  4:27  Zergling x4  
  50  4:29  Overlord  
  52  4:32  Overlord  
  52  4:46  Baneling  
  52  4:47  Baneling x5  
  52  4:48  Baneling x2  
  52  4:51  Zergling x2  
  52  4:52  Zergling x12  
  51  5:15  Zergling x4  
  51  5:16  Zergling x10  
  56  5:23  Zergling x2  
  57  5:37  Zergling x2  
  57  5:38  Zergling x16  
  66  5:51  Baneling x2  
  66  5:56  Baneling x6  
  66  6:01  Overlord x3  
  66  6:04  Queen  
  66  6:05  Spore Crawler x2  
  66  6:06  Extractor  
  66  6:08  Extractor  
  66  6:11  Baneling  
  64  6:18  Overlord x3  
  64  6:23  Drone  
  64  6:24  Drone x7  
  72  6:26  Drone x2  
  72  6:27  Drone  
  75  6:43  Zergling x14  
  82  6:52  Zergling x4  
  82  6:53  Zergling x2  
  85  6:59  Evolution Chamber  
  85  7:00  Evolution Chamber  
  83  7:04  Zergling x2  
  83  7:05  Zergling x12  
  83  7:07  Baneling x4  
  77  7:48  Zergling x8  
  77  7:49  Zergling x26  
  76  7:56  Lair  
  76  7:57  Drone  
  76  7:58  Drone  
  72  8:19  Zergling x16  
  77  8:24  Baneling x2  
  73  8:33  Zergling x6  
  73  8:34  Zergling x2  
  71  8:41  Zergling x2  
  71  8:42  Zergling x2  
  66  8:55  Zergling x2  
  61  8:56  Zergling x6  
  61  9:08  Zergling x2  
  61  9:09  Zergling x4  
  58  9:22  Zerg Missile Weapons Level 1, Zerg Ground Armor Level 1  
  58  9:27  Baneling, Hydralisk Den  
  58  9:29  Extractor  
  56  9:31  Extractor  
  56  9:32  Extractor  
  56  9:37  Zergling x14  
  56  9:38  Zergling x12  
  62  9:46  Zergling x2  
  62  9:47  Zergling x2  
  64  9:53  Zergling x2  
  64  9:54  Zergling x2  
  64  10:00  Spore Crawler  
  64  10:01  Spore Crawler  
  64  10:02  Spore Crawler  
  61  10:10  Queen x2  
  62  10:33  Hydralisk  
  62  10:34  Hydralisk x8  
  76  10:41  Drone  
  76  10:42  Drone x3  
  80  10:49  Centrifical Hooks  
  80  11:02  Muscular Augments  
  80  11:04  Baneling  
  80  11:05  Baneling x3  
  74  11:27  Hydralisk  
  74  11:28  Hydralisk x4  
  72  11:37  Hydralisk x2  
  76  11:46  Drone x2  
  78  11:51  Drone x3  
  78  11:53  Drone  
  82  11:59  Overseer  
  82  12:13  Grooved Spines  
  82  12:20  Hydralisk x7  
  96  12:45  Hydralisk  
  94  13:01  Hydralisk  
  94  13:04  Overlord x3  
  94  13:05  Overlord  
  87  13:19  Hydralisk x4  
  83  13:26  Baneling x4  
  83  13:27  Baneling x5  
  89  13:28  Hydralisk x2  
  89  13:29  Hydralisk x4  
  101  13:40  Hydralisk  
  101  13:41  Hydralisk x2  
  96  13:53  Hydralisk  
  96  13:54  Hydralisk x3  
  84  14:18  Hydralisk  
  84  14:19  Hydralisk x6  
  98  14:29  Hydralisk x2  
  86  14:44  Hydralisk x4  
  88  14:55  Hydralisk x2  
  88  14:56  Hydralisk x2  
  54  15:40  Hydralisk  
  54  15:41  Hydralisk x8  
Show
View Real Time Build Order
Export as new Build Order

bloodlestat Zerg 

Build Orders: Hatch First 

Get SALT Encoding   

  12  0:03  Drone  
  13  0:15  Overlord  
  13  0:19  Drone  
  14  0:24  Extractor  
  14  0:25  Drone  
  15  0:35  Drone  
  16  0:53  Hatchery  
  15  1:02  Drone x2  
  15  1:03  Drone  
  18  1:09  Extractor  
  17  1:22  Spawning Pool  
  17  1:24  Drone  
  17  1:27  Drone  
  18  1:37  Overlord  
  18  1:46  Drone  
  19  2:03  Drone  
  20  2:09  Queen  
  20  2:11  Queen  
  20  2:12  Zergling x2  
  20  2:13  Zergling x2  
  26  2:18  Zergling x2  
  26  2:20  Zergling x2  
  28  2:23  Metabolic Boost  
  28  2:30  Drone  
  28  2:32  Drone  
  28  2:37  Extractor  
  29  2:40  Drone  
  29  2:42  Drone  
  31  2:49  Spore Crawler  
  30  2:56  Drone x2  
  32  3:01  Queen  
  32  3:03  Drone  
  35  3:09  Overlord  
  35  3:17  Overlord  
  35  3:19  Drone  
  36  3:26  Queen  
  36  3:30  Drone x2  
  40  3:42  Lair  
  40  3:44  Zergling x4  
  40  3:46  Zergling x2  
  43  3:50  Zergling x2  
  43  3:53  Zergling x2  
  43  3:55  Zergling x2  
  46  4:03  Roach Warren  
  46  4:08  Drone x2  
  47  4:10  Drone  
  47  4:13  Drone  
  47  4:15  Drone  
  50  4:19  Drone  
  50  4:21  Drone  
  52  4:26  Overlord  
  52  4:34  Overlord  
  52  4:35  Overlord  
  46  4:52  Roach x2  
  48  4:53  Roach x3  
  48  4:54  Roach  
  48  4:59  Queen  
  52  5:08  Overlord  
  52  5:09  Overlord  
  48  5:23  Overlord x3  
  48  5:29  Extractor  
  48  5:32  Extractor  
  48  5:34  Spine Crawler  
  48  5:35  Roach x2  
  49  5:37  Roach x2  
  49  5:38  Roach  
  55  5:47  Infestation Pit  
  54  5:50  Spine Crawler  
  54  5:51  Overseer  
  54  5:53  Drone  
  54  6:00  Overseer x2  
  54  6:02  Glial Reconstitution  
  54  6:06  Drone x2  
  54  6:10  Drone x2  
  58  6:13  Drone  
  58  6:15  Drone  
  58  6:18  Drone  
  61  6:24  Queen  
  63  6:28  Drone  
  63  6:30  Drone  
  65  6:33  Drone x2  
  67  6:44  Evolution Chamber x2  
  67  6:46  Ravager x6  
  67  6:47  Ravager x3  
  73  6:54  Zergling x8  
  78  7:02  Drone  
  79  7:12  Spine Crawler  
  78  7:28  Overlord  
  78  7:29  Overlord x2  
  78  7:31  Overlord  
  78  7:32  Overlord x3  
  72  8:17  Drone x5  
  72  8:18  Drone  
  52  8:36  Hydralisk Den  
  52  8:38  Zerg Missile Weapons Level 1, Spire  
  52  8:40  Zerg Ground Armor Level 1  
  47  8:50  Spore Crawler  
  47  8:51  Spore Crawler  
  47  8:52  Spore Crawler  
  47  8:55  Roach x6  
  56  9:00  Queen  
  58  9:05  Pneumatized Carapace  
  58  9:11  Hatchery  
  58  9:13  Drone x2  
  59  9:38  Lair  
  59  9:46  Hydralisk x7  
  59  9:47  Queen  
  75  9:59  Hydralisk  
  75  10:00  Hydralisk x2  
  80  10:12  Hydralisk x3  
  86  10:14  Drone  
  86  10:30  Queen  
  86  10:33  Drone x4  
  86  10:34  Drone x2  
  94  10:38  Drone  
  95  10:43  Zerg Flyer Weapons Level 1  
  95  10:44  Grooved Spines  
  95  10:49  Zerg Missile Weapons Level 2  
  93  11:12  Extractor  
  93  11:13  Spore Crawler  
  93  11:14  Extractor  
  90  11:18  Hydralisk  
  90  11:19  Hydralisk x6  
  90  11:22  Overlord  
  90  11:25  Overlord  
  102  11:44  Overseer x2  
  102  11:46  Overseer  
  100  11:48  Burrow  
  100  11:51  Overlord x2  
  100  11:52  Drone x3  
  100  11:53  Drone x5  
  104  12:05  Spore Crawler  
  104  12:06  Spore Crawler  
  102  12:08  Spore Crawler  
  101  12:22  Overlord x2  
  101  12:23  Drone x3  
  101  12:24  Drone x6  
  110  12:35  Ravager  
  110  12:36  Ravager x5  
  116  12:39  Overlord x2  
  116  12:40  Drone x4  
  116  12:42  Drone  
  118  13:18  Spore Crawler  
  111  13:20  Spore Crawler  
  111  13:22  Spore Crawler  
  111  13:23  Spore Crawler  
  111  13:26  Overlord x2  
  111  13:27  Corruptor x6  
  90  13:30  Hatchery  
  83  13:38  Roach x2  
  83  13:39  Roach x4  
  95  13:53  Zerg Flyer Weapons Level 2  
  95  13:54  Muscular Augments  
  65  14:27  Queen, Spore Crawler  
  65  14:31  Spore Crawler  
  65  14:32  Hydralisk x7  
  65  14:33  Hydralisk x5  
  87  14:42  Zerg Ground Armor Level 2  
  87  14:44  Zerg Melee Weapons Level 1  
  87  14:58  Drone x3  
  90  15:03  Queen  
  90  15:06  Extractor  
  91  15:07  Hydralisk x3, Spore Crawler  
  91  15:08  Hydralisk  
  91  15:10  Spore Crawler  
  91  15:11  Hydralisk  
  89  15:35  Hydralisk x4  
  75  15:36  Hydralisk x3  
  75  15:41  Lurker Den  
  88  15:59  Spore Crawler  
  88  16:01  Spore Crawler  
  51  16:28  Hydralisk x2, Overlord x2  
  51  16:29  Hydralisk x11  
  51  16:30  Hydralisk x3  
  51  16:31  Hydralisk  
  74  16:41  Drone  
  74  16:43  Drone  
  76  16:50  Spawning Pool  
Tags
 
Add a new tag
Caveats
  • Supply blocks, unpowered buildings, or Contaminate may cause inaccurate times.
  • Supply counts are checked every 10 seconds.